 Dungeon Crawl Stone Soup version 0.19.0-2-gae57169 (webtiles) character file.

16905 amplicon the Carver (level 12, -4/110 HPs)
             Began as a Minotaur Fighter on Oct 29, 2016.
             Was a High Priest of Dithmenos.
             Slain by a seven-headed hydra (7 damage)
             ... on level 10 of the Dungeon on Nov 3, 2016.
             The game lasted 00:52:49 (10549 turns).

amplicon the Carver (Minotaur Fighter)             Turns: 10549, Time: 00:52:50

Health: -4/110     AC: 19    Str: 22    XL:     12   Next: 14%
Magic:  11/11      EV:  5    Int:  5    God:    Dithmenos [*****.]
Gold:   375        SH: 11    Dex: 16    Spells: 0 memorised, 11 levels left

rFire  + . .     SeeInvis .     r - +0 mace
rCold  . . .     Gourm    .     K - +0 plate armour
rNeg   . . .     Faith    .     c - +0 shield
rPois  .         Spirit   .     (helmet restricted)
rElec  .         Reflect  .     O - +0 cloak
rCorr  .         Harm     .     t - +0 pair of gloves
MR     +....                    L - +0 pair of boots of Resilience {Dex+2}
Stlth  ..........               (no amulet)
                                x - ring of protection from magic
                                u - ring of protection from fire

@: about to teleport, wreathed by umbra
A: retaliatory headbutt, horns 2
a: Shadow Step, Shadow Form, Renounce Religion


You were on level 10 of the Dungeon.
You worshipped Dithmenos.
Dithmenos was extremely pleased with you.
You were not hungry.

You visited 3 branches of the dungeon, and saw 13 of its levels.
You also visited: Ossuary.

You collected 534 gold pieces.
You spent 159 gold pieces at shops.

Inventory:

Hand Weapons
 b - the +8 dagger of Watchfulness {venom, rC+ Dex+3 Stlth-, unknown}
   (You found it on level 1 of the Lair of Beasts)

   It poisons the flesh of those it strikes.
   It affects your dexterity (+3).
   It protects you from cold.
   It makes you less stealthy.
 e - the +7 long sword "Zid Ynye" {slice, *Rage +Rage Dex+3 SInv}
   (You found it on level 5 of the Dungeon)

   It inflicts extra damage upon your enemies.
   It affects your dexterity (+3).
   It lets you see invisible.
   It lets you go berserk.
   It may make you go berserk in combat.
 r - a +0 mace (weapon)
Armour
 c - a +0 shield (worn)
 t - a +0 pair of gloves (worn)
 K - a +0 plate armour (worn)
 L - the +0 pair of boots of Resilience (worn) {Dex+2}
   (You acquired it on level 11 of the Dungeon)

   It affects your dexterity (+2).
 O - a +0 cloak (worn)
Jewellery
 i - an uncursed amulet of harm {unknown}
 u - a ring of protection from fire (left hand)
 x - a ring of protection from magic (right hand)
Wands
 k - a wand of enslavement (12/24)
 o - a wand of digging (10/24)
 F - a wand of slowing (23/48)
Scrolls
 h - 3 scrolls of magic mapping
 j - 4 scrolls of remove curse
 l - a scroll of enchant weapon
 p - 2 scrolls of recharging
 E - 3 scrolls of teleportation
 N - 4 scrolls of identify
Potions
 a - a potion of degeneration {unknown}
 d - 4 potions of might
 g - a potion of berserk rage
 q - a potion of cure mutation {unknown}
 v - 4 potions of curing
 w - 4 potions of heal wounds
 A - a potion of agility
 C - 4 potions of haste
 M - a potion of flight
Comestibles
 f - 5 bread rations
 m - a chunk of flesh
 n - 6 meat rations
 R - a slice of pizza


   Skills:
 + Level 11.2 Fighting
 - Level 14.2 Long Blades
 - Level 9.1 Maces & Flails
 + Level 11.5 Armour
 - Level 7.2 Shields


You had 11 spell levels left.
You didn't know any spells.

Dungeon Overview and Level Annotations

Branches:
Dungeon (11/15)            Temple (1/1) D:4            Lair (1/6) D:10
    Orc (0/2) D:10

Altars:
Ashenzari
Cheibriados
Dithmenos
Elyvilon
Fedhas
Gozag
Hepliaklqana
Kikubaaqudgha
Makhleb
Nemelex Xobeh
Okawaru
Qazlal
Ru
Sif Muna
Trog
Uskayaw
Vehumet
Xom
Yredelemnul
Zin
The Shining One

Shops:
D:4 !   D:8 ?


Innate Abilities, Weirdness & Mutations

You reflexively headbutt those who attack you in melee.
You have a pair of horns on your head.


Message History

You block the water moccasin's attack.
The seven-headed hydra bites you but does no damage.
You block the seven-headed hydra's attack. x2
The seven-headed hydra bites you!
* * * LOW HITPOINT WARNING * * *
The seven-headed hydra barely misses you.
The seven-headed hydra bites you but does no damage.
The seven-headed hydra barely misses you.
You climb upwards.
Welcome back to the Dungeon!
There is a staircase to the Lair here.
Unknown command.
As you read the scroll of teleportation, it crumbles to dust.
You feel strangely unstable. You block the water moccasin's attack.
The seven-headed hydra bites you!
* * * LOW HITPOINT WARNING * * *
The seven-headed hydra bites you.
* * * LOW HITPOINT WARNING * * *
You block the seven-headed hydra's attack.
The seven-headed hydra bites you!
You die...

....# #.........................
.>.)# #..........###....).......
....# #..........# #............
....# #..........###............
....####..####))...####..........
<.........##.........##.†........
..........#..P....P...#..........
............PP...D...............
................@................
...<.........P.S.................
[.........#...P.......#..........
)[........##.........##..........
..........####.....####..........
.................................
.................................
......................######.###.
....####..............# #.# #.


You could see a seven-headed hydra and a water moccasin.

Vanquished Creatures
  An unseen horror (D:10)
  Pikel (D:8)
  2 hill giants (D:10)
  A cyclops (D:11)
  An ugly thing (D:11)
  A black mamba (Lair:1)
  Joseph (D:8)
  The ghost of McCoppin the Skirmisher, a novice FoHu (D:3)
  An elephant (D:10)
  A kobold demonologist (D:9)
  A komodo dragon (Lair:1)
  3 trolls (D:10)
  A two-headed ogre (D:10)
  Grinder (D:4)
  3 hippogriffs
  Sigmund (D:3)
  A shadow (D:11)
  A spriggan (Lair:1)
  19 yaks
  2 wraiths (Ossuary)
  A hungry ghost (D:11)
  A steam dragon (D:8)
  Grum (D:8)
  A water moccasin (Lair:1)
  A porcupine (Lair:1)
  5 orc warriors
  Duvessa (D:6)
  6 ice beasts
  A black bear (D:8)
  2 sky beasts
  3 ogres
  2 phantoms
  4 centaurs
  4 crocodiles
  2 wolves (D:8)
  10 big kobolds (D:9)
  2 elf zombies (D:7)
  4 elf skeletons (D:7)
  11 bullfrogs
  Dowan (D:6)
  6 scorpions
  6 wights
  4 howler monkeys
  3 crimson imps
  2 bullfrog zombies
  A centaur zombie (D:7)
  A human zombie (D:7)
  4 hounds
  3 human skeletons (D:7)
  A quasit (D:9)
  10 orc priests
  2 jellies
  6 orc wizards
  A gnoll shaman (D:5)
  2 bullfrog skeletons
  4 iguanas
  8 worker ants
  2 hound zombies
  2 worker ant zombies
  A howler monkey skeleton (D:5)
  9 gnolls
  15 adders
  A shadow imp (D:11)
  2 oozes
  An adder skeleton (D:4)
  4 adder zombies
  2 worms
  2 dart slugs (D:2)
  5 leopard geckos
  36 orcs
  4 giant cockroaches
  7 hobgoblins
  5 jackals
  8 quokkas
  2 ball pythons
  A ball python skeleton (Ossuary)
  6 bats
  4 frilled lizards
  A goblin (D:4)
  A hobgoblin skeleton (Ossuary)
  A hobgoblin zombie (Ossuary)
  5 kobolds
  An orc skeleton (D:7)
  3 orc zombies (Ossuary)
  2 quokka skeletons
  2 rats (D:2)
306 creatures vanquished.

Vanquished Creatures (others)
  2 slaves (D:8)
  A crimson imp (D:8)
  2 plants (Lair:1)
5 creatures vanquished.

Grand Total: 311 creatures vanquished

Notes
Turn   | Place    | Note
-------+----------+-------------------------------------------
     0 | D:1      | amplicon the Minotaur Fighter began the quest for the Orb.
     0 | D:1      | Reached XP level 1. HP: 19/19 MP: 0/0
   726 | D:2      | Reached XP level 2. HP: 27/27 MP: 1/1
   789 | D:2      | Reached XP level 3. HP: 28/33 MP: 2/2
  1479 | D:3      | Noticed Sigmund
  1495 | D:3      | Reached XP level 4. HP: 41/41 MP: 3/3
  1520 | D:3      | Killed Sigmund
  1520 | D:3      | Reached skill level 5 in Fighting
  1520 | D:3      | Reached skill level 5 in Maces & Flails
  1520 | D:3      | Reached XP level 5. HP: 26/48 MP: 4/4
  1853 | D:3      | Noticed McCoppin's ghost (novice FoHu)
  1870 | D:3      | Killed McCoppin's ghost
  1870 | D:3      | Reached XP level 6. HP: 44/57 MP: 5/5
  1870 | D:3      | Reached XP level 7. HP: 49/63 MP: 6/6
  2683 | D:4      | Found Ilent's Distillery.
  2706 | D:4      | Bought a potion of heal wounds for 55 gold pieces
  2706 | D:4      | Bought a potion of curing for 33 gold pieces
  2706 | D:4      | Bought a potion of mutation for 27 gold pieces
  2763 | D:4      | Noticed Grinder
  2765 | D:4      | Paralysed by Grinder for 4 turns
  2772 | D:4      | Paralysed by Grinder for 6 turns
  2783 | D:4      | Killed Grinder
  3247 | D:4      | Found a staircase to the Ecumenical Temple.
  3252 | Temple   | Entered the Ecumenical Temple
  3282 | Temple   | Became a worshipper of Dithmenos the Shadowed
  3641 | D:4      | Reached XP level 8. HP: 70/71 MP: 7/7
  3843 | D:5      | Entered Level 5 of the Dungeon
  3853 | D:5      | Reached skill level 5 in Armour
  4200 | D:5      | Got a twisted long sword
  4207 | D:5      | Identified the +7 long sword "Zid Ynye" {slice, *Rage +Rage Dex+3 SInv} (You found it on level 5 of the Dungeon)
  4284 | D:5      | Reached skill level 1 in Long Blades
  4327 | D:5      | Reached * piety under Dithmenos
  4327 | D:5      | Reached skill level 2 in Long Blades
  4332 | D:5      | Reached skill level 3 in Long Blades
  4403 | D:5      | Upgraded the game from 0.19-b1-3-g7dea586 to 0.19-b1-4-gd8a0a2a
  4574 | D:5      | Found a deep blue altar of Sif Muna.
  4763 | D:6      | Reached skill level 4 in Long Blades
  4839 | D:6      | Noticed Dowan
  4842 | D:6      | Noticed Duvessa
  4846 | D:6      | Killed Duvessa
  4847 | D:6      | Killed Dowan
  4847 | D:6      | Reached skill level 5 in Long Blades
  5024 | D:6      | Reached XP level 9. HP: 78/78 MP: 8/8
  5104 | D:6      | Reached skill level 6 in Long Blades
  5143 | D:6      | Reached skill level 5 in Shields
  5235 | D:6      | Reached skill level 7 in Long Blades
  5493 | D:7      | Reached ** piety under Dithmenos
  5527 | D:7      | Reached skill level 8 in Long Blades
  5675 | D:7      | Reached skill level 9 in Long Blades
  5699 | D:7      | Found a sand-covered staircase.
  5707 | Ossuary  | Entered an ossuary
  5857 | Ossuary  | Reached skill level 10 in Long Blades
  6063 | D:7      | Reached *** piety under Dithmenos
  6069 | D:7      | Reached skill level 11 in Long Blades
  6071 | D:7      | Reached XP level 10. HP: 84/84 MP: 9/9
  6507 | D:8      | Found Aniyzxeh's Magic Scroll Boutique.
  6521 | D:8      | Bought a scroll of identify for 22 gold pieces
  6521 | D:8      | Bought a scroll of identify for 22 gold pieces
  6542 | D:8      | Noticed Pikel
  6550 | D:8      | Killed Pikel
  6550 | D:8      | Reached skill level 12 in Long Blades
  6838 | D:8      | Noticed Joseph
  6851 | D:8      | Killed Joseph
  7176 | D:8      | Noticed Grum
  7185 | D:8      | Reached skill level 13 in Long Blades
  7188 | D:8      | Killed Grum
  7693 | D:9      | Reached **** piety under Dithmenos
  7851 | D:9      | Reached skill level 14 in Long Blades
  7973 | D:9      | Got a faintly glowing leather armour
  8033 | D:9      | Reached XP level 11. HP: 84/91 MP: 10/10
  8292 | D:10     | Entered Level 10 of the Dungeon
  8307 | D:10     | Reached ***** piety under Dithmenos
  8386 | D:10     | Found a staircase to the Orcish Mines.
  8457 | D:10     | Found a staircase to the Lair.
  8460 | D:10     | Noticed a hill giant
  8472 | D:10     | Noticed a hill giant
  8483 | D:10     | Killed a hill giant
  8486 | D:10     | Killed a hill giant
  8950 | D:10     | Noticed an unseen horror
  8958 | D:10     | Killed an unseen horror
  9126 | D:11     | Noticed a purple ugly thing
  9141 | D:11     | Killed a purple ugly thing
  9173 | D:11     | Reached skill level 10 in Armour
  9759 | D:11     | Identified the +3 leather armour of the Kangaroo {+Blink rF- rN+} (You found it on level 9 of the Dungeon)
  9761 | D:11     | Identified a scroll of acquirement
  9764 | D:11     | Got a pair of fine boots
  9775 | D:11     | Identified the +0 pair of boots of Resilience {Dex+2} (You acquired it on level 11 of the Dungeon)
  9803 | D:11     | Reached skill level 10 in Fighting
 10011 | Lair:1   | Entered Level 1 of the Lair of Beasts
 10110 | Lair:1   | Got a warped dagger
 10163 | Lair:1   | Reached XP level 12. HP: 108/108 MP: 11/11
 10382 | Lair:1   | Upgraded the game from 0.19-b1-4-gd8a0a2a to 0.19.0-2-gae57169
 10470 | Lair:1   | Noticed a seven-headed hydra
 10549 | D:10     | HP: 4/110 [seven-headed hydra (7)]
 10549 | D:10     | Slain by a seven-headed hydra

Skill      XL: |  1  2  3  4  5  6  7  8  9 10 11 12 |
---------------+-------------------------------------+-----
Armour         | 4 7 11 | 11.5
Fighting       | 4 5 6 10 11 | 11.2
Maces & Flails | 3 5 7 9 |  9.1
Shields        | 4 5 7 |  7.2
Long Blades    | 5 11 14 | 14.2

Action                   |  1- 3 |  4- 6 |  7- 9 | 10-12 || total
-------------------------+-------+-------+-------+-------++-------
Melee: Flail             |    73 |    37 |   129 |       ||   239
       Headbutt          |    13 |     6 |    84 |    97 ||   200
       Long sword        |       |       |   211 |   391 ||   602
       Mace              |       |       |       |     7 ||     7
  Use: Potion            |       |     1 |     8 |     2 ||    11
       Scroll            |       |       |     8 |    11 ||    19
  Eat: Chunk             |     2 |       |    13 |    12 ||    27
       Pizza             |       |       |     1 |     2 ||     3
       Royal jelly       |       |       |       |     1 ||     1
Armor: Chain mail        |    43 |    11 |   109 |    60 ||   223
       Scale mail        |     6 |       |       |       ||     6
       Plate armour      |       |       |       |   134 ||   134
Dodge: Dodged            |    14 |     6 |    55 |    82 ||   157
Block: Shield            |    27 |    16 |   134 |   202 ||   379
       Rpst.: Long sword |       |       |    12 |    12 ||    24
